 Dungeon Crawl Stone Soup version 0.31.0-11-ge490571c62 (webtiles) character file.

Game seed: 13537576291146143556

129 Persephone the Ruffian (level 5, 0/28 HPs)
             Began as a Vine Stalker Fighter on Jan 30, 2024.
             Slain by a gnoll
             ... wielding a +0 whip
              (3 damage)
             ... on level 2 of the Dungeon.
             The game lasted 00:02:11 (942 turns).

Persephone the Ruffian (Vine Stalker Fighter)        Turns: 942, Time: 00:02:11

Health: 0/28       AC:  7    Str: 17 (20) XL:     5   Next: 12%
Magic:  0/6        EV:  5    Int:  5 (8)  God:
Gold:   66         SH:  0    Dex: 13 (14) Spells: 4/4 levels left

rFire   . .          .
                       - Unarmed
rCold   . . .        b - +0 buckler
rNeg    . . .        a - +0 scale mail
rPois   .            (no helmet)
rElec   .            (no cloak)
rCorr   .            (no gloves)
SInv    .            h - +0 pair of boots
Will    .....        (no amulet) Stlth
                     (no ring)
HPRegen 1.04/turn    (no ring)
MPRegen 0.10/turn

%: guardian spirit
@: brilliant, attractive, held
A: fangs 2, regeneration 1, magic shield, antimagic bite, no potion heal 2
a: no special abilities


You were on level 2 of the Dungeon.
You visited 1 branch of the dungeon, and saw 2 of its levels.

You collected 66 gold pieces.

Inventory:

Armour
 a - a +0 scale mail (worn)
 b - a +0 buckler (worn)
 h - a +0 pair of boots (worn)
Scrolls
 f - 2 scrolls of identify {unknown}
 g - a scroll of poison {unknown}
Potions
 d - a potion of attraction


   Skills:
 + Level 3.3 Fighting
 + Level 3.0 Armour
 + Level 3.3 Shields
 * Level 3.5 Unarmed Combat


You had 4 spell levels left.
You didn't know any spells.
Your spell library contained the following spells:

 Spells                   Type           Power      Damage    Failure   Level
 Ozocubu's Armour         Ice            0%         N/A       100%        3
 Metabolic Englaciation   Hex/Ice        0%         N/A       100%        5
 Sculpt Simulacrum        Ice/Alch       0%         N/A       100%        6


Dungeon Overview and Level Annotations

Branches:
Dungeon (2/15)

Altars:


Innate Abilities, Weirdness & Mutations

You have extremely sharp teeth.
Your natural rate of healing is unusually fast.
When hurt, damage is shared between your health and your magic reserves.
Your bite disrupts and absorbs the magic of your enemies.
Potions cannot restore your health.


Message History

The gnoll is moderately wounded.
The gnoll hits you with a +0 whip. The gnoll barely misses you.
The gnoll hits you from afar with a +0 spear.
Lua - Auto Kill stopped.
Not in fighting shape.
It was a potion of attraction.
You feel attractive to monsters. The gnoll hits you with a +0 whip.
You block the gnoll's attack. The gnoll closely misses you.
The gnoll is attracted toward you. x2
The gnoll completely misses you.
The ribbon worm is attracted toward you.
You hit the gnoll. Your bite misses the gnoll.
The gnoll is moderately wounded.
The gnoll barely misses you. The gnoll hits you with a +0 halberd!
The gnoll closely misses you.
You hit the gnoll. You bite the gnoll. You drain its power.
You feel invigorated.
The gnoll is almost dead.
The ribbon worm expels a string of sticky webbing.
The stream of webbing hits you but does no damage.
You are caught in a web!
The gnoll hits you with a +0 halberd!
* * * LOW HITPOINT WARNING * * *
The gnoll barely misses you. The gnoll is attracted toward you.
As you read the scroll labelled XOMOMU CEGEMPI, it crumbles to dust.
It is a scroll of enchant weapon.
You aren't carrying any weapons that can be enchanted.
The ribbon worm bites you.
* * * LOW HITPOINT WARNING * * *
The gnoll hits you but does no damage. The gnoll completely misses you.
The gnoll hits you but does no damage.
It was a potion of degeneration.
There was something very wrong with that liquid.
You feel weakened.
You feel dopey.
You feel clumsy. The gnoll barely misses you.
The gnoll hits you with a +0 halberd.
* * * LOW HITPOINT WARNING * * *
The gnoll hits you but does no damage.
The ribbon worm bites you but does no damage.
It was a potion of brilliance.
You feel clever all of a sudden. The gnoll hits you with a +0 whip.
You die...

##.?...# .......####
..........
#.........
######.....#...
.............#
!..$......# #.
.......wg.##.#.####
.......g@g+.....<.#
..........######..##
### ##......###
##..# #..
#.......### ##.# #.#
#.........# #.###.#
#.........# #..##.##
#.........# ##....).
########.........#
#.....#..#
#......#.........#
#.###.#..#


You could see a ribbon worm (catching breath) and 3 gnolls.

Vanquished Creatures
  An orc priest (D:2)
  4 gnolls (D:2)
  An adder (D:2)
  A ribbon worm (D:2)
  3 orcs (D:2)
  5 ball pythons
  2 bats
  4 endoplasms (D:1)
  4 giant cockroaches (D:1)
  6 goblins
  A hobgoblin (D:2)
  4 quokkas
  A frilled lizard (D:2)
  6 kobolds
  4 rats
47 creatures vanquished.

Notes
Turn   | Place    | Note
-------+----------+-------------------------------------------
     0 | D:1      | Persephone the Vine Stalker Fighter began the quest for the
                  | Orb.
     0 | D:1      | Reached XP level 1. HP: 11/11 MP: 2/2
    89 | D:1      | Reached XP level 2. HP: 16/16 MP: 3/3
   436 | D:1      | Reached XP level 3. HP: 19/19 MP: 4/4
   835 | D:2      | Reached XP level 4. HP: 22/24 MP: 5/5
   844 | D:2      | Reached XP level 5. HP: 18/28 MP: 3/6
   942 | D:2      | Slain by a gnoll

Illustrated notes

Levels and vault maps discovered:
D:1:      lightli_iron_boxes, layout_basic, serial_bayou, serial_bayou_crossing,
          serial_bayou_pond_e, serial_bayou_pond_a, serial_bayou_shore_a,
          serial_bayou_pond_d
D:2:      layout_basic

Skill      XL: |  1  2  3  4 |
---------------+-------------+-----
Shields        | 3 |  3.3
Fighting       | 3 |  3.3
Unarmed Combat | 3 |  3.5
Armour         | 3 |  3.0

Action                     |  1- 3 |  4- 6 || total
---------------------------+-------+-------++-------
  Melee: Unarmed           |   106 |    19 ||   125
         Bite              |    19 |     5 ||    24
    Use: Potion            |     1 |     3 ||     4
         Scroll            |       |     1 ||     1
 Armour: Scale mail        |    62 |    17 ||    79
  Dodge: Dodged            |    49 |    14 ||    63
  Block: Buckler           |    19 |     6 ||    25
